 Dungeon Crawl Stone Soup version 0.28-a0-1567-g1695149f81 (webtiles) character file.

Game seed: 12663558566948778463

33 a3don the Skirmisher (level 3, 0/29 HPs)
             Began as a Demonspawn Cinder Acolyte on Jan 20, 2022.
             Was a High Priest of Ignis.
             Slain by a gnoll (9 damage)
             ... on level 1 of the Dungeon.
             The game lasted 00:05:57 (2498 turns).

a3don the Skirmisher (Demonspawn Cinder Acolyte)    Turns: 2498, Time: 00:05:57

Health: 0/29       AC:  2    Str: 14    XL:     3   Next: 12%
Magic:  1/5        EV: 13    Int: 17    God:    Ignis [*****.]
Gold:   42         SH:  0    Dex:  8    Spells: 3/5 levels left

rFire   + . .      SeeInvis .   a - -1 hand axe (flame)
rCold   . . .      Faith    .   (no shield)
rNeg    . . .      Spirit   .   b - +0 robe
rPois   .          Reflect  .   (no helmet)
rElec   .          Harm     .   (no cloak)
rCorr   .          Rampage  .   (no gloves)
Will    .....                   (no boots)
Stlth   +.........              (no amulet)
HPRegen 0.09/turn               (no ring)
MPRegen 0.09/turn               (no ring)

@: no status effects
A: repulsion field 1, weakness stinger 1
a: Renounce Religion, Fiery Armour, Foxfire Swarm, Rising Flame


You were on level 1 of the Dungeon.
You worshipped Ignis.
Ignis was extremely pleased with you.
You visited 1 branch of the dungeon, and saw 2 of its levels.

You collected 42 gold pieces.

Inventory:

Hand Weapons
 a - a -1 hand axe of flaming (weapon)
 f - a +3 whip
Missiles
 c - 49 stones (quivered)
Armour
 b - a +0 robe (worn)
 d - a +0 buckler
Scrolls
 e - a scroll of identify {unknown}


   Skills:
 + Level 3.3 Fighting
 + Level 3.0 Axes
 + Level 0.4 Dodging
 + Level 1.5 Spellcasting
 + Level 3.0 Fire Magic


You had 3 spell levels left.
You knew the following spells:

 Your Spells              Type           Power      Damage    Failure   Level
a - Scorch                Fire           22%        2d6       9%          2

Your spell library contained the following spells:

 Spells                   Type           Power      Damage    Failure   Level
 Conjure Flame            Conj/Fire      6%         6-21      32%         3
 Ignite Poison            Fire/Tmut/Pois 4%         N/A       38%         3
 Sticky Flame             Conj/Fire      6%         2d3       73%         4


Dungeon Overview and Level Annotations

Branches:
Dungeon (2/15)

Altars:

Annotations:
D:2 Robin


Innate Abilities, Weirdness & Mutations

You are surrounded by a mild repulsion field. (EV +2)
You have a small tail.


Message History

There is a stone staircase leading down here.
You start resting.
Your magical contamination has completely faded away.
You start resting.
Magic restored.
You start resting.
HP restored.
Your fiery armour burns out.
There is an open door here.
You see here 22 arrows.
Okay, then.
There is a stone staircase leading down here.
You climb downwards.
Level annotation: Robin The gnoll shouts! x2
The gnoll hits you from afar with a +0 spear.
There is a stone staircase leading up here.
A giant cockroach comes into view.
The gnoll hits you with a +0 spear.
There is a stone staircase leading up, spattered with blood here.
The gnoll hits you with a +0 spear.
You climb upwards.
There is a stone staircase leading down here.
Casting: Scorch (safe; 9% risk of failure)
Confirm with . or Enter, or press ? or * to list all spells.
Flames lash the gnoll.
The gnoll is moderately wounded.
The gnoll's fire resistance burns away.
The gnoll hits you with a +0 spear.
Casting: Scorch (safe; 9% risk of failure)
Confirm with . or Enter, or press ? or * to list all spells.
Flames lash the gnoll.
The gnoll is burned terribly!
The gnoll is severely wounded.
The gnoll closely misses you.
You are too injured to fight recklessly!
You are too injured to fight recklessly!
You are too injured to fight recklessly!
You hit the gnoll. You burn the gnoll. You tail-slap the gnoll.
The gnoll is almost dead.
The gnoll hits you with a +0 spear!
You die...

#....#.#.#.............#
#....#.#.#.###.##.####.#
#....#.#.#.#...........#
#....#.#.#.#.#.##.######
#....#.#.#.#.#.##.#
####.#.#.#.#.#.##.#
####.#...#.#...##.#
.....#####.######.#
................@.#
###.####.........g# #
#.# #.########## #.#
#.#....# #.# #.#.##.#
#.# #.#.##.# #.#
#.#.##.## ###.#
#.#.....#
)...####.####..#


You could see a gnoll (combustible).

Vanquished Creatures
  2 endoplasms (D:1)
  A giant cockroach (D:1)
  10 goblins
  4 hobgoblins
  A ball python (D:1)
  3 bats
  A frilled lizard (D:1)
  7 kobolds
29 creatures vanquished.

Notes
Turn   | Place    | Note
-------+----------+-------------------------------------------
     0 | D:1      | a3don the Demonspawn Cinder Acolyte began the quest for the
                  | Orb.
     0 | D:1      | Reached XP level 1. HP: 18/18 MP: 2/2
   275 | D:1      | Gained mutation: You are surrounded by a mild repulsion
                  | field. (EV +2) [demonic ancestry]
   275 | D:1      | Reached XP level 2. HP: 3/24 MP: 3/3
   278 | D:1      | Learned a level 2 spell: Scorch
   674 | D:1      | Found a faded altar of an unknown god.
  2311 | D:2      | Gained mutation: You have a small tail. [demonic ancestry]
  2311 | D:2      | Reached XP level 3. HP: 20/29 MP: 5/5
  2315 | D:2      | Noticed Robin
  2498 | D:1      | Slain by a gnoll

Illustrated notes

Levels and vault maps discovered:
D:1:      dpeg_arrival_chambers_temple_mockup, layout_basic,
          shapermc_ecumenical_altar_pompeii
D:2:      layout_loops_ring, uniq_robin

Skill      XL: |  1  2 |
---------------+-------+-----
Axes           | 3 |  3.0
Fire Magic     | 3 |  3.0
Fighting       | |  3.3
Dodging        | |  0.4
Spellcasting   | |  1.5

Action                   || total
-------------------------++-------
Melee: Hand axe          ||    67
       Punch             ||     1
       Tailslap          ||     1
Throw: Stone             ||     1
 Cast: Scorch            ||     6
Invok: Fiery Armour      ||     1
Armor: Robe              ||    17
Dodge: Dodged            ||    46

Table legend: (Time is in decaauts)
 A = Elapsed time spent in this place.
 B = Non-inter-level travel time spent in this place.
 C = Inter-level travel time spent in this place.
 D = Time resting spent in this place.
 E = Time spent auto-exploring this place.
 F = Levels seen in this place.
 G = Mean time per level.
                   A        B        C        D        E       F      G
               +--------+--------+--------+--------+--------+-----+--------+
         Total |   2511 |   2381 |    130 |    615 |   1420 |   2 | 1255.5 |
       Dungeon |   2511 |   2381 |    130 |    615 |   1420 |   2 | 1255.5 |
               +--------+--------+--------+--------+--------+-----+--------+

Top non-repeatable levels by time:
     D:1: 2425 daAuts
     D:2: 86 daAuts
